 Dungeon Crawl Stone Soup version 0.31-a0-188-g5e087ee2ca (webtiles) character file.

Game seed: 17349495115996019359

42 qw the Shooter (level 3, 0/20 HPs)
             Began as a Deep Elf Hunter on June 23, 2023.
             Succumbed to their own poison gas
             ... on level 2 of the Dungeon.
             The game lasted 00:00:22 (1294 turns).

qw the Shooter (Deep Elf Hunter)                    Turns: 1294, Time: 00:00:22

Health: 0/20       AC:  3    Str:  8 (10) XL:     3   Next: 35%
Magic:  5/5        EV: 12    Int: 12 (13) God:
Gold:   84         SH:  0    Dex: 16 (18) Spells: 2/2 levels left

rFire   . . .        Y - +0 shortbow
rCold   . . .        (shield currently unavailable)
rNeg    . . .        c - +0 leather armour
rPois   .            (no helmet)
rElec   .            (no cloak)
rCorr   .            (no gloves)
SInv    .            (no boots)
Will    .....        (no amulet)
Stlth   ++           (no ring)
HPRegen 0.23/turn    (no ring)
MPRegen 0.09/turn

%: no passive effects
@: lethally poisoned (0 -> -12)
A: no striking features
a: no special abilities


You were on level 2 of the Dungeon.
You visited 1 branch of the dungeon, and saw 2 of its levels.

You collected 84 gold pieces.


   Skills:
 - Level 1.5 Fighting
 + Level 6.9 Ranged Weapons
 - Level 2.4 Dodging
 - Level 1.2 Stealth


You had 2 spell levels left.
You didn't know any spells.
Your spell library was empty.

Inventory:

Hand Weapons
 Y - a +0 shortbow (weapon)
Armour
 c - a +0 leather armour (worn)
Potions
 b - a potion of ambrosia {unknown}
 f - a potion of heal wounds {unknown}

Dungeon Overview and Level Annotations

Branches:
Dungeon (2/15)

Altars:
Cheibriados

Annotations:
D:2 1 runed translucent door, Crazy Yiuf


Message History

Could not explore, unopened runed door.
1288 ||| READING scroll labelled IHIDEU EVONE.
The air fills with toxic fumes!
As you read the scroll labelled IHIDEU EVONE, it crumbles to dust.
It was a scroll of poison.
Crazy Yiuf glowers.
Could not explore, unopened runed door.
1289 ||| READING scroll labelled YXICATOINE.
As you read the scroll labelled YXICATOINE, it crumbles to dust.
The air around you briefly surges with heat, but it dissipates.
It was a scroll of immolation.
Could not explore, unopened runed door.
1290 ||| DRINKING 2 silvery potions.
It was a potion of degeneration.
There was something very wrong with that liquid.
You feel weakened.
You feel dopey.
You feel clumsy.
Could not explore, unopened runed door.
1291 ||| DROPPING potion of degeneration.
You drop a potion of degeneration.
Could not explore, unopened runed door.
(D) Dungeon
Where to? (* - list waypoints, Enter - D:2, ? - help)
What level of the Dungeon? (default 1, ? - help) Sorry, I don't know how to get there.
Enter note:
Enter note:
Enter note:
Enter note:
Enter note:
Enter note: Really walk into that cloud of poison gas?
You are engulfed in poison gas.
You are lethally poisoned!
You feel very sick.
Crazy Yiuf says, "Flower!
Gnoll Hive cloud."
1293 ||| Stepping ~*~*~tactically~*~*~ (cloud).
You feel very sick.
Crazy Yiuf laughs, "Rifle!"
You see here a potion of degeneration.
There is a lethal amount of poison in your body!
You die...

#.### #.#.#
#.........# #.# #.#.#
#.####.##.# #.# #.#.#
#.# #.##.# #.#####
##### ### #.##.#
#.....# #.##.# #####.#
#########.##.# #.# ###
###¤#..#.##.##.# #.#
#...##¤¤#......#.##.##
#.#
#..g+@####.......##...
### #)..###
##.#..####### ###
######


You could see Crazy Yiuf.

Vanquished Creatures
  4 dart slugs
  3 ball pythons
  2 bats (D:1)
  4 endoplasms
  A giant cockroach (D:1)
  5 goblins (D:1)
  5 hobgoblins (D:1)
  A kobold (D:1)
  A quokka (D:1)
  4 rats
30 creatures vanquished.

Notes
Turn   | Place    | Note
-------+----------+-------------------------------------------
     0 | D:1      | qw the Deep Elf Hunter began the quest for the Orb.
     0 | D:1      | Reached XP level 1. HP: 12/12 MP: 3/3
     0 | D:1      | 0 ||| qw: Version: 0.3-a-9-g12657ce
     0 | D:1      | 0 ||| qw: Game counter: 3682
     0 | D:1      | 0 ||| qw: Always use a shield: true
     0 | D:1      | 0 ||| qw: God list: Okawaru
     0 | D:1      | 0 ||| qw: Allow faded altars: false
     0 | D:1      | 0 ||| qw: Do Orc after D:15 true
     0 | D:1      | 0 ||| qw: Do second Lair branch before Depths: true
     0 | D:1      | 0 ||| qw: Lair rune preference: random
     0 | D:1      | 0 ||| qw: Plans: Normal
     0 | D:1      | 0 ||| PLANNING D:1-11
   295 | D:1      | Reached skill level 6 in Ranged Weapons
   295 | D:1      | Reached XP level 2. HP: 11/16 MP: 4/4
   345 | D:1      | You fall into a shaft and drop 1 floor!
   398 | D:2      | 398 ||| DROPPING scroll of butterflies.
   571 | D:1      | Reached XP level 3. HP: 20/20 MP: 5/5
   874 | D:2      | Found a snail-covered altar of Cheibriados.
  1282 | D:2      | Found a runed translucent door.
  1283 | D:2      | Noticed Crazy Yiuf
  1286 | D:2      | 1286 ||| READING scroll labelled FUELYN KOGHOFYI.
  1287 | D:2      | 1287 ||| READING scroll labelled PUINU KEABLAO.
  1288 | D:2      | 1288 ||| READING scroll labelled IHIDEU EVONE.
  1289 | D:2      | 1289 ||| READING scroll labelled YXICATOINE.
  1290 | D:2      | 1290 ||| DRINKING 2 silvery potions.
  1291 | D:2      | 1291 ||| DROPPING potion of degeneration.
  1293 | D:2      | 1293 ||| Stepping ~*~*~tactically~*~*~ (cloud).
  1293 | D:2      | HP: 3/20 [poisoned by you (poison gas)]
  1294 | D:2      | Succumbed to their own poison gas

Levels and vault maps discovered:
D:1:      dpeg_arrival_castle, layout_loops_ring, st_stairs_1, item_on_display_a
D:2:      layout_loops_ring, basic_altar, uniq_crazy_yiuf_cottage

Skill      XL: |  1 |
---------------+----+-----
Ranged Weapons | 6 |  6.9
Fighting       | |  1.5
Dodging        | |  2.4
Stealth        | |  1.2

Action                     || total
---------------------------++-------
   Fire: Shortbow          ||    76
    Use: Scroll            ||     4
         Potion            ||     1
  Dodge: Dodged            ||     7

Table legend:
 A = Non-vault XP
 B = Vault XP
 C = Vault XP percentage of total XP
 D = Non-vault monster count
 E = Vault monster count
 F = Vault count percentage of total count
                 A         B        C        D         E       F
            +---------+---------+-------+---------+---------+-------
      Total |      56 |       5 |   8.2 |      27 |       3 |  10.0
            +---------+---------+-------+---------+---------+-------
        D:1 |      38 |       5 |  11.6 |      20 |       3 |  13.0
        D:2 |      18 |       0 |   0.0 |       7 |       0 |   0.0
            +---------+---------+-------+---------+---------+-------
